 Dungeon Crawl Stone Soup version 0.17-a0-2007-g96ac4c4 (webtiles) character file.

122 Mordenkainen the Skirmisher (level 4, -1/41 HPs)
             Began as a Minotaur Abyssal Knight on Oct 9, 2015.
             Was a Believer of Lugonu.
             Slain by an orc priest
             ... wielding a +0 war axe
              (4 damage)
             ... on level 3 of the Dungeon.
             The game lasted 00:04:07 (1680 turns).

Mordenkainen the Skirmisher (MiAK)                  Turns: 1680, Time: 00:04:08

Health: -1/41      AC:  5    Str: 18    XL:     4   Next: 78%
Magic:  5/5        EV: 12    Int:  9    God:    Lugonu [**....]
Gold:   92         SH:  0    Dex:  9    Spells: 0 memorised, 3 levels left

rFire  . . .     SeeInvis .     t - +2 quarterstaff (chaos)
rCold  . . .     Clarity  .     b - +0 leather armour
rNeg   . . .     SustAt   .     (no shield)
rPois  .         Gourm    .     (helmet restricted)
rElec  .         Spirit   .     u - +1 cloak {+Inv}
rCorr  .         Warding  .     (no gloves)
rMut   +         Stasis   .     (no boots)
MR     .....                    d - amulet of resist mutation
Stlth  +.........               (no ring)
                                (no ring)

@: not resistant to hostile enchantments, very unstealthy
A: retaliatory headbutt, horns 2
a: Depart the Abyss, Bend Space, Renounce Religion, Evoke Invisibility


You were on level 3 of the Dungeon.
You worshipped Lugonu.
Lugonu was pleased with you.
You were not hungry.

You visited 1 branch of the dungeon, and saw 3 of its levels.
You visited the Abyss 1 time.

You collected 92 gold pieces.

Inventory:

Hand Weapons
 a - a +1 falchion
 l - a +2 mace of crushing
 m - a +2 short sword of protection
 t - a +2 quarterstaff of chaos (weapon)
Armour
 b - a +0 leather armour (worn)
 u - a +1 cloak of invisibility (worn)
Jewellery
 d - an amulet of resist mutation (around neck)
 n - a +2 ring of dexterity {unknown}
Scrolls
 e - a scroll of holy word {unknown}
 g - 2 scrolls of enchant weapon {unknown}
 i - 3 scrolls of teleportation {unknown}
 j - 3 scrolls of identify {unknown}
 k - a scroll of magic mapping {unknown}
Potions
 f - a potion of curing
 h - a potion of cure mutation {unknown}
 q - a potion of magic {unknown}
 r - a potion of berserk rage {unknown}
Comestibles
 c - 2 bread rations
 o - a slice of pizza
 p - a beef jerky
 s - 9 chunks of flesh


   Skills:
 + Level 4.4 Fighting
 + Level 3.2 Long Blades
 + Level 3.4 Armour
 + Level 2.5 Dodging
 + Level 2.7 Invocations


You had 3 spell levels left.
You didn't know any spells.

Dungeon Overview and Level Annotations

Branches:
Dungeon (3/15)

Altars:
Cheibriados
Ru


Innate Abilities, Weirdness & Mutations

You reflexively headbutt those who attack you in melee.
You have a pair of horns on your head.


Message History

Lugonu accepts your kill.
The orc hits you from afar with a trident!
* * * LOW HITPOINT WARNING * * *
The orc barely misses you.
You see here a hand axe.
Drink which item? (? for menu, Esc to quit)
It was a potion of curing.
You feel better.
The orc priest casts a cantrip, but nothing happens.
The orc barely misses you.
You sock the orc! You burn the orc.
You kill the orc!
Lugonu accepts your kill.
The orc priest invokes the aid of Beogh against you.
Pain shoots through your body!
* * * LOW HITPOINT WARNING * * *
The orc priest mumbles some strange prayers to Beogh against you.
Pain shoots through your body!
* * * LOW HITPOINT WARNING * * *
The orc priest hits you with a war axe.
You die...

.#...#.......)#
.#...##......##
.#...##.####.#
.#...##.# # .#...##.#
.#...##.# .)......#
....(##.# #######.##
........# #.)@o....#
##..##########w########
...............#
##..############ ...>#
.#### .# .# .#


You could see a worm and an orc priest.

Vanquished Creatures
  Crazy Yiuf (D:3)
  An orc priest (D:3)
  An adder (D:2)
  A worm (D:2)
  A giant gecko (D:1)
  5 orcs (D:3)
  8 bats
  2 giant cockroaches
  7 goblins
  7 hobgoblins
  4 jackals (D:2)
  A ball python (D:1)
  A giant newt (D:2)
  5 kobolds
  3 rats (D:2)
48 creatures vanquished.

Notes
Turn   | Place    | Note
--------------------------------------------------------------
     0 | Abyss:1  | Mordenkainen the Minotaur Abyssal Knight began the quest for the Orb.
     0 | Abyss:1  | Reached XP level 1. HP: 19/19 MP: 1/1
    35 | Abyss:1  | Noticed a raiju
    88 | Abyss:2  | Noticed a thrashing horror
    88 | Abyss:2  | Noticed a worldbinder
    89 | Abyss:2  | Noticed a boulder beetle
    89 | Abyss:2  | Noticed a water moccasin
    92 | D:1      | Escaped the Abyss
   219 | D:1      | Reached XP level 2. HP: 25/27 MP: 2/2
   478 | D:1      | Acquired Lugonu's first power
   768 | D:2      | Found a sacrificial altar of Ru.
   887 | D:2      | Reached XP level 3. HP: 33/33 MP: 3/3
  1007 | D:2      | Reached skill level 4 in Fighting
  1009 | D:2      | Found a snail-covered altar of Cheibriados.
  1543 | D:3      | Acquired Lugonu's second power
  1607 | D:3      | Noticed Crazy Yiuf
  1616 | D:3      | Killed Crazy Yiuf
  1616 | D:3      | Reached XP level 4. HP: 15/40 MP: 4/4
  1679 | D:3      | HP: 2/41 [orc priest/nerve-wracking pain (6)]
  1680 | D:3      | Slain by an orc priest

Vault maps used:
D:1:      minmay_arrival_semitransparent
D:2:      nicolae_ru_the_path_less_chosen, st_stairs_9, cheibriados_altar_1
D:3:      gup_sewer_entry_bowl, led_sif_pool, uniq_crazy_yiuf_cottage
Abyss:2:  hangedman_stitches_earthworm

Action                   |  1- 3 |  4- 6 || total
-------------------------+-------+-------++-------
Melee: Falchion          |    36 |       ||    36
       Short sword       |    46 |       ||    46
       Mace              |     2 |       ||     2
       Quarterstaff      |       |     7 ||     7
Invok: Depart the Abyss  |     1 |       ||     1
  Use: Potion            |       |     1 ||     1
  Eat: Chunk             |     2 |     1 ||     3
